AoeStats
← GaunerFahrrad47

Enclosed

505069689Analyzed
1v1 RM · 26d ago on Sep 7, 2026· 43m 27s· 2 players
Game mode
Random Map
Map size
Tiny (2 player)
Population
200
Speed
Normal
Resources
Standard
Victory
Conquest
Starting age
Dark Age
Ending age
Imperial Age
RankedLock teamsTeams togetherTeam positionsShared explorationLock speedFull tech treeHidden civsTurbo modeCheats
Victory
Defeat
🇩🇪 Italians · Germany
1219
+16
🇨🇦 Poles · Canada
1211
-16
cyningmearas
7:42 Loom
10:19 Feudal Age
15:52 Castle Age
14:13 Double-Bit Axe
20:18 Fletching
22:05 Bodkin Arrow
24:11 Ballistics
25:33 Husbandry
25:37 Padded Archer Armor
26:54 Bow Saw
28:54 Bloodlines
28:45 Gold Mining
29:26 Elite Skirmisher
30:48 Wheelbarrow
29:53 Horse Collar
32:19 Leather Archer Armor
34:36 Town Watch
36:19 Guard Tower
36:50 Careening
36:55 Masonry
41:17 Pikeman
GaunerFahrrad47
9:52 Feudal Age
11:32 Double-Bit Axe
12:07 Fletching
13:36 Wheelbarrow
15:27 Padded Archer Armor
16:41 Loom
19:30 Castle Age
17:27 Horse Collar
20:29 Thumb Ring
19:45 Crossbowman
21:11 Padded Archer Armor
23:11 Leather Archer Armor
24:27 Bow Saw
25:29 Bodkin Arrow
25:58 Ballistics
27:32 Hand Cart
28:33 Forging
30:32 Iron Casting
33:21 Scale Barding Armor
36:40 Imperial Age
35:45 Bloodlines
36:33 Chain Barding Armor
39:28 Scale Mail Armor
39:04 Light Cavalry
42:27 Blast Furnace
42:13 Bracer
Connection lost

Rejoining the realm…

Still unreachable

The connection could not be restored.

Session expired

The server has moved on; the page needs a fresh start.